 Dungeon Crawl Stone Soup version 0.31-a0-1082-g7d1fb776a8 (webtiles) character file.

Game seed: 9073445501309374266

51 Flugslaktarn the Insei (level 3, 0/24 HPs)
             Began as an Octopode Shapeshifter on Nov 28, 2023.
             Succumbed to an adder's poison
             ... on level 2 of the Dungeon.
             The game lasted 00:00:37 (964 turns).

Flugslaktarn the Insei (Octopode Shapeshifter)       Turns: 964, Time: 00:00:38

Health: 0/24       AC:  1    Str: 11 (13) XL:     3   Next: 81%
Magic:  3/3        EV: 13    Int: 10 (12) God:
Gold:   115        SH:  0    Dex: 12 (13) Spells: 2/2 levels left

rFire   . .          .
                       - Unarmed
rCold   . . .        (no shield)
rNeg    . . .        (helmet currently unavailable)
rPois   .            (no amulet)
rElec   .            m - ring of willpower
rCorr   .            (no ring)
SInv    .            (no ring)
Will    +....        (no ring)
Stlth   ++           (no ring)
HPRegen 0.24/turn    (no ring)
MPRegen 0.08/turn    (no ring)
                     (no ring)

%: no passive effects
@: brilliant, lethally poisoned (0 -> -9), beast-form
A: beast (slay +1), almost no armour, amphibious, 8 rings, camouflage 1,
gelatinous body 1, (nimble swimmer 1), tentacles
a: Begin Untransformation


You were on level 2 of the Dungeon.
You were a hulking beast.
You visited 1 branch of the dungeon, and saw 2 of its levels.

You collected 115 gold pieces.

Inventory:

Jewellery
 m - a ring of willpower (left tentacle)
   (You found it on level 1 of the Dungeon)
Talismans
 b - a beast talisman
 c - a flux talisman
Scrolls
 g - 2 scrolls of identify {unknown}
 h - a scroll of teleportation {unknown}
 j - a scroll of vulnerability {unknown}
 k - a scroll of silence {unknown}
Potions
 a - a potion of lignification
 d - a potion of brilliance
 e - a potion of curing {unknown}
 f - a potion of degeneration
 i - a potion of resistance {unknown}


   Skills:
 + Level 2.2 Fighting
 - Level 2.0 Dodging
 + Level 3.6 Unarmed Combat
 + Level 3.4 Shapeshifting


You had 2 spell levels left.
You didn't know any spells.
Your spell library was empty.

Dungeon Overview and Level Annotations

Branches:
Dungeon (2/15)

Altars:


Innate Abilities, Weirdness & Mutations

You are a hulking beast.
Your limbs bulge with bestial killing power. (Slay +1)
You cannot wear most types of armour.
You are amphibious.
You can wear up to eight rings at the same time.
Your skin changes colour to match your surroundings (Stealth+).
Your rubbery body absorbs attacks. (AC +1, EV +1)
((You are camouflaged when in or above water. (Stealth+)))
You have tentacles for arms and can constrict up to eight enemies at once.


Message History

The adder is lightly wounded.
The adder barely misses you.
You tentacle-slap the adder. You grab the adder.
The adder is lightly wounded.
You constrict the adder. The adder barely misses you. The adder bites you.
You are poisoned.
The adder poisons you!
You tentacle-slap the adder.
The adder is severely wounded.
You constrict the adder.
You feel sick. The adder bites you.
An adder is nearby!
You tentacle-slap the adder but do no damage.
The adder is almost dead.
You constrict the adder.
You kill the adder!
You feel sick.
You feel sick.
You feel sick.
You feel sick.
You are no longer poisoned.
You see here an adder corpse.
Found 7 stones.
No target in view!
No target in view!
No target in view!
No target in view!
No target in view!
A ball python comes into view.
A ball python is nearby!
A rat comes into view.
Found 11 gold pieces.
There are monsters nearby!
The ball python hisses angrily.
You tentacle-slap the ball python.
You kill the ball python!
The rat barely misses you.
You tentacle-slap the rat.
You kill the rat!
No target in view!
No target in view!
You see here a rat corpse.
You now have 115 gold pieces (gained 11).
Things that are here:
a +0 dagger; an adder corpse; a goblin skeleton A rat comes into view.
An adder comes into view.
A rat comes into view.
There are monsters nearby!
A giant cockroach comes into view.
Found 9 gold pieces.
There are monsters nearby! 2 quokkas come into view.
The quokka twitches its whiskers.
The helpless rat fails to defend itself.
You tentacle-slap the rat.
You kill the rat!
A dart slug, an adder and a bat come into view.
The quokka barely misses you.
You miss the quokka. You grab the quokka.
You constrict the quokka, but do no damage.
The adder hisses angrily.
The quokka barely misses you.
You tentacle-slap the quokka.
The quokka is lightly wounded.
You constrict the quokka. The bat closely misses you. The quokka bites you.
You bludgeon the quokka!
You kill the quokka!
The bat hits you. The rat barely misses you. The adder bites you.
You are poisoned.
The adder poisons you!
You closely miss the adder. Your grab misses the adder.
You feel sick. The bat hits you. The adder bites you.
You are more poisoned.
The adder poisons you! The rat bites you. The quokka misses you.
You feel sick. The bat closely misses you. The adder attacks as it pursues you!
The adder bites you. The adder closely misses you.
An orc comes into view. It is wielding a +0 trident.
You feel sick. The bat closely misses you.
It was a potion of brilliance.
You feel clever all of a sudden.
* * * LOW HITPOINT WARNING * * *
You feel sick.
The orc shouts!
You hear a shout!
A hobgoblin comes into view.
You hear an angry hiss.
You hear a shout!
The hobgoblin shouts!
It was a potion of degeneration.
There was something very wrong with that liquid.
You feel weakened.
You feel dopey.
You feel clumsy.
You feel sick. The bat hits you but does no damage. The adder misses you.
The rat bites you but does no damage.
A quokka comes into view.
The bat barely misses you. The dart slug launches a dart at you.
The slug dart misses you.
The slug dart hits the adder.
The adder bites you.
* * * LOW HITPOINT WARNING * * *
You are more poisoned.
The adder poisons you!
Unknown command.
You tentacle-slap the adder. Your grab misses the adder.
The adder is severely wounded.
You die...

. rg .#. .. #o###...
.##w....# . ....#.# .#
.# .. #.....##..# .#
#.# #.#..#...# .#
....###.S....# # .#
#...bhrr.# . .#
##.#S##..### # .# #..
#....r....# ###.#....#
###.......# ...†..#
#.........# ..#.###
#.#.......# #.#.#
#.........#
#.#.#########..#......#
...............####...#


You could see 2 adders, a dart slug, an orc, 2 quokkas, a hobgoblin, a bat and a
rat.

Vanquished Creatures
  2 adders (D:2)
  3 bats
  3 endoplasms
  2 goblins
  A hobgoblin (D:2)
  4 jackals (D:1)
  3 quokkas
  4 ball pythons
  A frilled lizard (D:1)
  7 rats
30 creatures vanquished.

Notes
Turn   | Place    | Note
-------+----------+-------------------------------------------
     0 | D:1      | Flugslaktarn the Octopode Shapeshifter began the quest for
                  | the Orb.
     0 | D:1      | Reached XP level 1. HP: 13/13 MP: 1/1
   209 | D:1      | Reached XP level 2. HP: 10/18 MP: 2/2
   735 | D:2      | Reached XP level 3. HP: 24/24 MP: 3/3
   964 | D:2      | Succumbed to an adder's poison

Illustrated notes

Levels and vault maps discovered:
D:1:      grunt_arrival_crossed_arrows, layout_basic, interstate_on_off,
          minmay_tripent
D:2:      layout_rooms, minmay_fractal_squares_5, uniq_robin, uniq_jessica

Skill      XL: |  1  2 |
---------------+-------+-----
Fighting       | 2 |  2.2
Dodging        | |  2.0
Unarmed Combat | |  3.6
Shapeshifting  | |  3.4

Action                     || total
---------------------------++-------
  Melee: Unarmed           ||    56
         Constrict         ||    14
         Tentacles         ||     5
         Punch             ||     2
    Use: Potion            ||     2
   Stab: Sleeping          ||     6
 Armour: Skin              ||    27
  Dodge: Dodged            ||    36

Table legend: (Time is in decaauts)
 A = Elapsed time spent in this place.
 B = Non-inter-level travel time spent in this place.
 C = Inter-level travel time spent in this place.
 D = Time resting spent in this place.
 E = Time spent auto-exploring this place.
 F = Levels seen in this place.
 G = Mean time per level.
                   A        B        C        D        E       F      G
               +--------+--------+--------+--------+--------+-----+--------+
         Total |    960 |    939 |     21 |      0 |    740 |   2 |  480.0 |
       Dungeon |    960 |    939 |     21 |      0 |    740 |   2 |  480.0 |
               +--------+--------+--------+--------+--------+-----+--------+

Top non-repeatable levels by time:
     D:1: 680 daAuts
     D:2: 279 daAuts
